 Dungeon Crawl Stone Soup version 0.30.0-30-g96aa6591b8 (webtiles) character file.

Game seed: 11946224579837984319

178 GeoRichter the Gusty (level 5, -2/28 HPs)
             Began as a Tengu Air Elementalist on June 26, 2023.
             Killed from afar by Blork the orc (4 damage)
             ... with a magic dart
             ... on level 4 of the Dungeon.
             The game lasted 00:03:58 (3219 turns).

GeoRichter the Gusty (Tengu Air Elementalist)       Turns: 3219, Time: 00:03:59

Health: -2/28      AC:  2    Str:  9    XL:     5   Next: 58%
Magic:  10/10      EV: 14    Int: 17    God:
Gold:   140        SH:  0    Dex: 14    Spells: 3/10 levels left

rFire   . . .        h - +0 dagger (protect)
rCold   . . .        (no shield)
rNeg    . . .        a - +0 robe
rPois   .            (helmet restricted)
rElec   .            (no cloak)
rCorr   .            (no gloves)
SInv    +            (boots unavailable)
Will    .....        (no amulet)
Stlth   ++           i - +4 ring of slaying
HPRegen 0.24/turn    v - ring of see invisible
MPRegen 0.12/turn

%: no passive effects
@: flying quickly and evasively, quick
A: beak, talons 3, nimble flight
a: no special abilities


You were on level 4 of the Dungeon.
You visited 1 branch of the dungeon, and saw 4 of its levels.

You collected 140 gold pieces.

Inventory:

Hand Weapons
 h - a +0 dagger of protection (weapon)
   (You found it on level 1 of the Dungeon)
 C - a +0 scimitar
   (You found it on level 4 of the Dungeon)
Armour
 a - a +0 robe (worn)
 p - a scarf of invisibility
   (You found it on level 2 of the Dungeon)
Magical Staves
 A - a staff of fire
   (You found it on level 3 of the Dungeon)
Jewellery
 i - a +4 ring of slaying (left hand)
   (You found it on level 1 of the Dungeon)
 v - a ring of see invisible (right hand)
   (You found it on level 2 of the Dungeon)
Wands
 q - a wand of flame (20)
   (You found it on level 2 of the Dungeon)
Scrolls
 c - a scroll of fog {unknown}
 e - a scroll of silence {unknown}
 f - a scroll of fear {unknown}
 k - a scroll of noise {unknown}
 l - a scroll of acquirement {unknown}
 r - 3 scrolls of teleportation {@r4}
 s - a scroll of immolation {unknown}
 t - a scroll of identify {@r1}
 u - a scroll of brand weapon {unknown}
 w - a scroll of vulnerability {unknown}
 x - a scroll of poison {unknown}
 y - a scroll of amnesia {unknown}
 B - a scroll of enchant armour {unknown}
Potions
 b - 2 potions of magic
 d - 2 potions of curing {@q1}
 g - 2 potions of haste {@q3}
 m - a potion of berserk rage {unknown}
 n - a potion of attraction {unknown}
 o - a potion of lignification {unknown}
 z - a potion of ambrosia {unknown}


   Skills:
 - Level 2.1 Dodging
 - Level 2.0 Stealth
 + Level 3.1 Spellcasting
 + Level 3.6 Conjurations
 * Level 6.3 Air Magic


You had 3 spell levels left.
You knew the following spells:

 Your Spells              Type           Power      Damage    Failure   Level
a - Shock                 Conj/Air       76%        1d7       2%          1
b - Static Discharge      Conj/Air       38%        2-4/arc   3%          2
c - Airstrike             Air            12%        2d(2-18)  13%         4

Your spell library contained the following spells:

 Spells                   Type           Power      Damage    Failure   Level
 Swiftness                Air            24%        N/A       3%          3
 Stone Arrow              Conj/Erth      16%        3d8       24%         3
 Animate Armour           Summ/Erth      4%         N/A       86%         4
 Lehudib's Crystal Spear  Conj/Erth      4%         10d3      100%        8


Dungeon Overview and Level Annotations

Branches:
Dungeon (4/15) Zot: 20780
 Temple: D:4-7

Altars:
Okawaru
Qazlal

Annotations:
D:4 Blork the orc


Innate Abilities, Weirdness & Mutations

You have a beak for a mouth.
You have claws for feet.
Your magical nature lets you fly swiftly and evasively.


Message History

The scorpion is heavily wounded.
The scorpion closely misses you.
You barely miss the scorpion. You peck the scorpion.
The scorpion is severely wounded.
The scorpion stings you.
You are poisoned.
The scorpion poisons you! The scorpion closely misses you.
You hit the scorpion.
Your weapon exudes an aura of protection.
The scorpion is almost dead.
You feel sick. The scorpion stings you.
* * * LOW HITPOINT WARNING * * *
You closely miss the scorpion. You claw the scorpion.
The scorpion is almost dead.
You feel sick. The scorpion closely misses you.
You barely miss the scorpion. You claw the scorpion.
You kill the scorpion!
You feel sick.
Your magical contamination has completely faded away.
Your Spellcasting skill increases to level 3!
Your Air Magic skill increases to level 6!
You feel better.
You drop 2 potions of degeneration {!q}.
You fly downwards.
You hear the sound of rushing water.
There is an entrance to a sewer on this level.
Hurry and find it before the portal rusts away!
Level annotation: Blork the orc You hear the slow rusting of a distant drain.
There is a stone staircase leading up here.
You fly upwards.
There is a stone staircase leading down here.
You see here 2 potions of degeneration {!q}.
You start resting.
HP restored.
You start resting.
Magic restored.
You fly downwards.
You hear the sound of rushing water.
There is an entrance to a sewer on this level.
Hurry and find it before the portal rusts away!
Level annotation: Blork the orc You hear the rusting of a distant drain.
Blork the orc hits you from afar with a +0 halberd!
Ouch! That really hurt!
* * * LOW HITPOINT WARNING * * *
Blork the orc hits you from afar with a +0 halberd!
* * * LOW HITPOINT WARNING * * *
There is a stone staircase leading up here.
Blork the orc casts a spell at you. The magic dart hits you.
You die...

+..... #..# #.#....#
#).#.. #..+ #.##.#.#
###.....###..####....#.#
...#...#...#..).......>#
#.).........##......###
#.#.....#####.######
#...o..........#
#.##...#####.#.#
#.@..###..#.#
####.....##'######
..##.........#
....##.........#
##...#.........#
...####<###### .# #.#
###


You could see Blork the orc.

Vanquished Creatures
  A scorpion (D:3)
  A hound (D:4)
  4 adders
  A dart slug (D:1)
  An orc (D:4)
  6 endoplasms
  A giant cockroach (D:3)
  4 goblins
  2 hobgoblins
  6 quokkas
  A ball python (D:2)
  5 bats
  6 frilled lizards
  5 kobolds
  7 rats
51 creatures vanquished.

Notes
Turn   | Place    | Note
-------+----------+-------------------------------------------
     0 | D:1      | GeoRichter the Tengu Air Elementalist began the quest for
                  | the Orb.
     0 | D:1      | Reached XP level 1. HP: 10/10 MP: 4/4
   336 | D:1      | Reached XP level 2. HP: 15/15 MP: 4/6
  1444 | D:2      | Reached XP level 3. HP: 19/19 MP: 0/7
  1587 | D:2      | Reached skill level 5 in Air Magic
  1875 | D:2      | Reached XP level 4. HP: 24/24 MP: 2/8
  2084 | D:3      | Learned a level 2 spell: Static Discharge
  2089 | D:3      | Learned a level 4 spell: Airstrike
  2185 | D:3      | Found a faded altar of an unknown god.
  2940 | D:3      | Found an iron altar of Okawaru.
  2941 | D:3      | Found a stormy altar of Qazlal.
  3078 | D:4      | Noticed a scorpion
  3114 | D:4      | Gained mutation: Your magical nature lets you fly swiftly
                  | and evasively. [Tengu growth]
  3114 | D:4      | Reached XP level 5. HP: 28/28 MP: 6/10
  3127 | D:4      | Noticed Blork the orc
  3140 | D:3      | Reached skill level 6 in Air Magic
  3219 | D:4      | Killed from afar by Blork the orc

Illustrated notes

Levels and vault maps discovered:
D:1:      lightli_arrival_noodles, layout_basic, chequers_serial_rivers_micro_b
D:2:      layout_rooms
D:3:      layout_basic, gammafunk_temple_overflow_statue,
          ebering_ecumenical_altar_abandoned
D:4:      layout_basic, grunt_temple_overflow_magic_moments,
          cheibrodos_sewer_entry_bend, abandoned_shop, kennysheep_path_1,
          minmay_fractal_squares_diagonal_5, uniq_grinder, uniq_edmund,
          uniq_blork_the_orc

Skill      XL: |  1  2  3  4  5 |
---------------+----------------+-----
Conjurations   | 2 3 |  3.6
Air Magic      | 5 6 |  6.3
Spellcasting   | 3 |  3.1
Dodging        | |  2.1
Stealth        | |  2.0

Action                     |  1- 3 |  4- 6 || total
---------------------------+-------+-------++-------
  Melee: Dagger            |     1 |     8 ||     9
         Kick              |       |     3 ||     3
         Peck              |       |     1 ||     1
   Cast: Shock             |    69 |    47 ||   116
         Static Discharge  |       |     1 ||     1
    Use: Scroll            |       |     4 ||     4
         Potion            |       |     1 ||     1
 Armour: Robe              |     1 |     1 ||     2
  Dodge: Dodged            |     5 |    11 ||    16
